 Dungeon Crawl Stone Soup version 0.23-a0-278-g5ee874d (webtiles) character file.

32 Faust the Insei (level 3, 0/23 HPs)
             Began as an Octopode Transmuter on Oct 2, 2018.
             Was an Initiate of Sif Muna.
             Slain by an adder (2 damage)
             ... on level 2 of the Dungeon.
             The game lasted 00:09:56 (519 turns).

Faust the Insei (Octopode Transmuter)                Turns: 519, Time: 00:09:56

Health: 0/23       AC:  1    Str:  9    XL:     3   Next: 25%
Magic:  5/6        EV: 13    Int: 16    God:    Sif Muna [......]
Gold:   49         SH:  0    Dex: 12    Spells: 3/6 levels left

rFire    . . .     SeeInvis .   f - -3 short sword (curse)
rCold    . . .     Gourm    .   (no shield)
rNeg     . . .     Faith    .   (helmet restricted)
rPois    +         Spirit   .   (no amulet)
rElec    .         Reflect  .   g - ring of poison resistance
rCorr    .         Harm     .   (no ring)
MR       .....                  (no ring)
Stlth    ++........             (no ring)
HPRegen  0.07/turn              (no ring)
MPRegen  0.10/turn              (no ring)
                                (no ring)
                                (no ring)

@: lethally poisoned (0 -> -5), appendage
A: almost no armour, stealthy swim, amphibious, 8 rings, constrict 8, tentacle
spike 3, camouflage 1, gelatinous body 1
a: End Transformation, Renounce Religion


You were on level 2 of the Dungeon.
You worshipped Sif Muna.
Sif Muna was noncommittal.
You were not hungry.
One of your tentacles had a temporary spike.
You visited 1 branch of the dungeon, and saw 2 of its levels.

You collected 49 gold pieces.

Inventory:

Hand Weapons
 f - a cursed -3 short sword (weapon)
Missiles
 a - 9 arrows
Armour
 i - a +0 large shield
Jewellery
 g - a ring of poison resistance (left tentacle)
Comestibles
 c - 3 rations


   Skills:
 + Level 1.1 Fighting
 + Level 2.1 Dodging
 + Level 0.2 Stealth
 + Level 3.5 Unarmed Combat
 + Level 2.2 Spellcasting
 + Level 2.5 Transmutations


You had 3 spell levels left.
You knew the following spells:

 Your Spells              Type           Power        Failure   Level  Hunger
a - Beastly Appendage     Tmut           #.....       8%          1    #......
b - Sticks to Snakes      Tmut           #.......     11%         2    ###....

Your spell library contained the following spells:

 Spells                   Type           Power        Failure   Level  Hunger
 Spider Form              Tmut/Pois      #.........   36%         3    ###....
 Ice Form                 Ice/Tmut       #.......     77%         4    #####..
 Blade Hands              Tmut           #.........   90%         5    ######.


Dungeon Overview and Level Annotations

Branches:
Dungeon (2/15)

Altars:
Sif Muna


Innate Abilities, Weirdness & Mutations

You cannot wear most types of armour.
You are very stealthy in the water. (Stealth+)
You are amphibious.
You can wear up to eight rings at the same time.
You can use your tentacles to constrict eight enemies at once.
Your skin changes colour to match your surroundings (Stealth+).
Your rubbery body absorbs attacks. (AC +1, EV +1)
One of your tentacles bears a large vicious spike.


Message History

Casting: Beastly Appendage (safe; 8% risk of failure)
Confirm with . or Enter, or press ? or * to list all spells.
One of your tentacles grows a vicious spike.
The adder closely misses you. The adder bites you.
You aren't carrying any scrolls.
You aren't carrying any potions.
You hit the adder but do no damage. Your grab misses the adder.
You feel sick. The adder bites you.
* * * LOW HITPOINT WARNING * * *
You miss the adder. Your grab misses the adder. You squeeze the adder.
The adder is lightly wounded.
The adder closely misses you.
You hit the adder but do no damage. Your grab misses the adder.
The adder is lightly wounded.
The adder closely misses you. x2
You closely miss the adder. Your grab misses the adder. You squeeze the adder.
The adder is severely wounded.
* * * LOW HITPOINT WARNING * * *
You feel sick. The adder bites you.
You die...

#...## ... #####... ...
#.....## ... #.###...
#.### # ##)## #...
..#.##...# ######..#
......._.. #.......#
...#.#...# #@# ..
#.##.## #S# ..#.#....##
#h# .....####... #l#
...)#.....)##
#.####.##..# #.#.#...#
#..........## #.#.#.#.#
....###.###.##.#.....#.#
.##.#...# #.##.#.....#.#
.#.#.# #>##.........#


You could see a hound, an adder and a frilled lizard.

Vanquished Creatures
  An adder (D:2)
  2 leopard geckos (D:1)
  A giant cockroach (D:1)
  3 goblins
  4 hobgoblins (D:1)
  A kobold (D:2)
  A ball python (D:1)
  3 bats
  2 frilled lizards (D:1)
  A rat (D:1)
19 creatures vanquished.

Vanquished Creatures (collateral kills)
  A rat (D:1)
1 creature vanquished.

Grand Total: 20 creatures vanquished

Notes
Turn   | Place    | Note
-------+----------+-------------------------------------------
     0 | D:1      | Faust the Octopode Transmuter began the quest for the Orb.
     0 | D:1      | Reached XP level 1. HP: 13/13 MP: 3/3
    56 | D:1      | Reached XP level 2. HP: 11/18 MP: 3/5
    71 | D:1      | Learned a level 2 spell: Sticks to Snakes
   451 | D:2      | Found a deep blue altar of Sif Muna.
   461 | D:2      | Became a worshipper of Sif Muna the Loreminder
   503 | D:2      | Reached XP level 3. HP: 7/23 MP: 4/6
   503 | D:2      | HP: 1/23 [frilled lizard (1)]
   519 | D:2      | Slain by an adder

Vault maps used:
D:1:      onia_arrival_mini_spirals
D:2:      nicolae_overflow_crystal_walls, lightli_temple_of_fire,
          fedhas_altar_3, minmay_misc_feat_diagonals, okawaru_ov_weapons_minmay

Action                   || total
-------------------------++-------
Melee: Unarmed           ||    26
       Constrict         ||    15
       Kick              ||     4
       Short sword       ||    22
       Tentacles         ||     6
 Cast: Beastly Appendage ||     9
       Sticks to Snakes  ||     3
  Use: Scroll            ||     4
       Potion            ||     2
 Stab: Sleeping          ||     1
Armor: Skin              ||     3
Dodge: Dodged            ||    45
Block: Large shield      ||     1

Table legend:
 A = Non-vault XP
 B = Vault XP
 C = Vault XP percentage of total XP
 D = Non-vault monster count
 E = Vault monster count
 F = Vault count percentage of total count
                 A         B        C        D         E       F
            +---------+---------+-------+---------+---------+-------
      Total |      46 |       0 |   0.0 |      20 |       0 |   0.0
            +---------+---------+-------+---------+---------+-------
        D:1 |      24 |       0 |   0.0 |      14 |       0 |   0.0
        D:2 |      22 |       0 |   0.0 |       6 |       0 |   0.0
            +---------+---------+-------+---------+---------+-------
